 Dungeon Crawl Stone Soup version 0.27.1 (webtiles) character file.

Game seed: 2814667290307821938

12317 Buersti the Quickloader (level 11, -4/99 HPs)
             Began as a Minotaur Hunter on Aug 27, 2021.
             Was an Initiate of Ashenzari.
             Killed by divine providence
             ... invoked by an orc priest
              (12 damage)
             ... on level 2 of the Orcish Mines on Sept 2, 2021.
             The game lasted 01:36:49 (12931 turns).

Buersti the Quickloader (Minotaur Hunter)          Turns: 12931, Time: 01:36:51

Health: -4/99      AC: 16    Str: 18    XL:     11   Next: 60%
Magic:  10/10      EV: 15    Int:  8    God:    Ashenzari [......]
Gold:   677        SH:  5    Dex: 13    Spells: 10/10 levels left

rFire    . . .     SeeInvis .   b - +0 rapier (protect)
rCold    + . .     Faith    .   (no shield)
rNeg     . . .     Spirit   .   C - +0 acid dragon scales
rPois    .         Reflect  +   (helmet restricted)
rElec    .         Harm     .   (no cloak)
rCorr    +         Rampage  .   (no gloves)
Will     .....                  j - +2 pair of boots
Stlth    +++.......             T - amulet of reflection
HPRegen  0.26/turn              A - +4 ring of slaying
MPRegen  0.12/turn              H - ring of protection from cold

@: mighty, under a protective aura, studying Evocations
A: horns 2, retaliatory headbutt
a: Renounce Religion, Curse Item


You were on level 2 of the Orcish Mines.
You worshipped Ashenzari.
Ashenzari was noncommittal.
You visited 3 branches of the dungeon, and saw 14 of its levels.

You collected 677 gold pieces.

Inventory:

Hand Weapons
 a - a +7 triple crossbow of flaming
 b - a +0 rapier of protection (weapon)
 p - a +0 hunting sling
 E - a +4 scimitar
 I - a +2 dagger of venom
 K - a +1 dagger of speed
 X - a +3 dagger of protection
Missiles
 d - 86 bolts
 f - 14 boomerangs
 g - 474 stones
 q - 43 sling bullets
 D - 21 poisoned darts
 L - 3 throwing nets
 O - 9 curare-tipped darts
Armour
 j - a +2 pair of boots (worn)
 B - a +2 scale mail of poison resistance
 C - +0 acid dragon scales (worn)
Jewellery
 w - a ring of ice
 A - a +4 ring of slaying (left hand)
 G - a ring of resist corrosion
 H - a ring of protection from cold (right hand)
 T - an amulet of reflection (around neck)
Wands
 s - a wand of acid (10)
 N - a wand of digging (15)
 P - a wand of iceblast (6) (quivered)
 U - a wand of paralysis (7)
Scrolls
 e - 2 scrolls of immolation
 h - 3 scrolls of noise
 n - 5 scrolls of identify
 r - a scroll of brand weapon
 u - 2 scrolls of fog
 y - 2 scrolls of holy word
 F - a scroll of magic mapping
 J - a scroll of teleportation
 R - a scroll of amnesia
 S - a scroll of acquirement
 W - a scroll of silence
Potions
 k - a potion of brilliance
 l - 3 potions of flight
 m - a potion of mutation
 t - 4 potions of attraction
 v - 2 potions of degeneration
 x - 2 potions of haste
 M - a potion of ambrosia


   Skills:
 + Level 9.8 Fighting
 + Level 5.1(5.5) Short Blades
 + Level 3.3(5.0) Long Blades
 * Level 12.8 Crossbows
 - Level 0.5 Armour
 + Level 9.0 Dodging
 + Level 7.2 Stealth


You had 10 spell levels left.
You didn't know any spells.
Your spell library contained the following spells:

 Spells                   Type           Power      Damage    Failure   Level
 Animate Armour           Summ/Erth      0%         N/A       99%         4
 Blade Hands              Tmut           0%         N/A       100%        5
 Iron Shot                Conj/Erth      0%         9d1       100%        6


Dungeon Overview and Level Annotations

Branches:
Dungeon (11/15)            Temple (1/1) D:4            Lair (0/6) D:10
    Orc (2/2) D:9
    Elf: Orc:2

Altars:
Ashenzari
Cheibriados
Dithmenos
Elyvilon
Fedhas
Gozag
Hepliaklqana
Kikubaaqudgha
Makhleb
Nemelex Xobeh
Okawaru
Qazlal
Ru
Sif Muna
Trog
Uskayaw
Vehumet
Wu Jian
Xom
Yredelemnul
Zin
The Shining One

Shops:
D:8 [

Annotations:
D:10 exclusion: oklob plant


Innate Abilities, Weirdness & Mutations

You have a pair of horns on your head.
You reflexively headbutt those who attack you in melee.


Message History

Okay, then.
Aiming: Iceblast
Press: ? - help, Q - select action, (/) - cycle Shift-Dir - straight line, f - two-headed ogre
Aim: a two-headed ogre, wielding two +0 giant clubs (severely wounded)
Okay, then.
As you read the scroll of teleportation, it crumbles to dust.
You feel strangely unstable. The orc hits you with a +0 dagger.
* * * LOW HITPOINT WARNING * * *
The ogre barely misses you.
Your surroundings suddenly seem different.
A two-headed ogre and a troll come into view.
The troll shouts!
The two-headed ogre shouts in stereo!
You hear a shout!
You feel much better. The troll bites you. The troll barely misses you.
The troll misses you.
You feel very mighty all of a sudden.
An orc priest comes into view. It is wielding a +0 flail.
The troll closely misses you. The troll claws you but does no damage.
The troll barely misses you.
You puncture the troll!
Your weapon exudes an aura of protection.
The troll is moderately wounded.
The troll bites you! The troll closely misses you.
You block the troll's attack.
You completely miss the troll. Your headbutt misses the troll.
The troll is moderately wounded.
You puncture the two-headed ogre! You headbutt the two-headed ogre!!
The two-headed ogre is severely wounded.
An orc warrior comes into view. It is wielding a +0 war axe.
You block the troll's attack. The troll closely misses you. x2
The two-headed ogre hits you with a +0 giant spiked club!
* * * LOW HITPOINT WARNING * * *
The two-headed ogre closely misses you.
You barely miss the two-headed ogre. You headbutt the two-headed ogre.
The two-headed ogre is severely wounded.
The troll bites you!
* * * LOW HITPOINT WARNING * * *
The troll closely misses you. You block the troll's attack.
The orc priest mumbles some strange prayers to Beogh against you.
Beogh smites you!
You die...

##..........
#.......o...
#...........
.....o.....
##..........
#...........
#...T.......
#...@O......
##..........
#...........
#...........
##..........
...........
#...........
#...........


You could see a two-headed ogre, a troll, an orc warrior and an orc priest.

Vanquished Creatures
  5 two-headed ogres
  An orc high priest (Orc:1)
  A cyclops (D:9)
  Maurice (D:8)
  2 kobold demonologists (D:5)
  3 trolls (D:10)
  Grinder (D:3)
  Prince Ribbit (D:8)
  Sigmund (D:4)
  3 yaks (D:10)
  Grum (D:8)
  2 steam dragons
  Menkaure (D:5)
  3 water moccasins
  2 acid dragons
  A sky beast (D:6)
  7 orc warriors
  An ice beast (D:5)
  A black bear (D:7)
  7 centaurs
  3 ogres
  3 wolves (D:8)
  A kobold brigand (D:9)
  Blork the orc (D:5)
  A bullfrog (D:7)
  3 gnoll sergeants
  3 scorpions
  6 killer bees (D:9)
  4 wights (D:8)
  A howler monkey (D:6)
  2 centaur zombies
  6 hounds
  3 jellies
  A bullfrog skeleton (D:5)
  8 orc priests
  A gnoll shaman (D:5)
  3 iguanas
  11 orc wizards
  A killer bee zombie (D:8)
  2 hound skeletons (D:4)
  9 adders
  15 gnolls
  A worm (D:3)
  2 dart slugs
  39 orcs
  3 ball pythons
  5 bats
  8 endoplasms
  2 giant cockroaches
  6 goblins
  7 hobgoblins
  6 jackals
  2 quokkas (D:4)
  2 frilled lizards
  13 kobolds
  5 rats
234 creatures vanquished.

Vanquished Creatures (others)
  17 fungi (D:6)
  13 plants (D:3)
  5 toadstools (D:1)
35 creatures vanquished.

Grand Total: 269 creatures vanquished

Notes
Turn   | Place    | Note
-------+----------+-------------------------------------------
     0 | D:1      | Buersti the Minotaur Hunter began the quest for the Orb.
     0 | D:1      | Reached XP level 1. HP: 18/18 MP: 0/0
    84 | D:1      | Found a faded altar of an unknown god.
   337 | D:1      | Reached XP level 2. HP: 20/25 MP: 1/1
   463 | D:1      | Reached skill level 5 in Crossbows
  1524 | D:2      | Reached XP level 3. HP: 30/30 MP: 2/2
  2134 | D:3      | Reached skill level 1 in Stealth
  2381 | D:3      | Reached XP level 4. HP: 37/37 MP: 3/3
  2610 | D:3      | Found a stormy altar of Qazlal.
  2671 | D:3      | Identified 2 scrolls of acquirement
  2671 | D:3      | Acquired a +4 triple crossbow of freezing
  2760 | D:3      | Noticed Grinder
  2768 | D:3      | Killed Grinder
  2769 | D:3      | Reached skill level 6 in Crossbows
  2769 | D:3      | Reached XP level 5. HP: 20/46 MP: 4/4
  2769 | D:3      | Reached XP level 6. HP: 23/52 MP: 5/5
  2959 | D:3      | Found a sacrificial altar of Ru.
  3059 | D:3      | Found a glowing silver altar of Zin.
  3059 | D:3      | Noticed an angel
  3062 | D:3      | Found a shimmering altar of Xom.
  3233 | D:3      | Acquired a manual of Evocations
  3282 | D:4      | Noticed Sigmund
  4289 | D:4      | Reached skill level 7 in Crossbows
  4359 | D:4      | Reached XP level 7. HP: 60/60 MP: 6/6
  4394 | D:4      | Found a staircase to the Ecumenical Temple.
  4417 | Temple   | Entered the Ecumenical Temple
  4642 | Temple   | Became a worshipper of Ashenzari the Shackled
  4830 | D:4      | Killed Sigmund
  4989 | D:5      | Entered Level 5 of the Dungeon
  5189 | D:5      | Reached skill level 5 in Fighting
  5443 | D:5      | Found an iron altar of Okawaru.
  5477 | D:5      | Found a basalt altar of Yredelemnul.
  5532 | D:5      | Noticed a kobold demonologist
  5532 | D:5      | Noticed a kobold demonologist
  5537 | D:5      | Noticed a neqoxec
  5543 | D:5      | Noticed a chaos spawn
  5546 | D:5      | Killed a kobold demonologist
  5547 | D:5      | Reached skill level 8 in Crossbows
  5547 | D:5      | Reached skill level 5 in Dodging
  5547 | D:5      | Reached XP level 8. HP: 67/69 MP: 7/7
  5819 | D:5      | Killed a kobold demonologist
  5820 | D:5      | Reached skill level 9 in Crossbows
  6247 | D:5      | Noticed Blork the orc
  6250 | D:5      | Killed Blork the orc
  6337 | D:5      | Noticed Menkaure
  6345 | D:5      | Killed Menkaure
  6476 | D:5      | Reached XP level 9. HP: 76/78 MP: 8/8
  7163 | D:6      | Found a white marble altar of Elyvilon.
  7223 | D:6      | Reached skill level 10 in Crossbows
  7223 | D:6      | Reached skill level 5 in Stealth
  7294 | D:6      | Found a hide-covered altar of Uskayaw.
  7430 | D:6      | Found a snail-covered altar of Cheibriados.
  8702 | D:8      | Noticed Prince Ribbit
  8722 | D:8      | Killed Prince Ribbit
  8776 | D:8      | Found a glowing golden altar of the Shining One.
  8827 | D:8      | Noticed Grum
  8831 | D:8      | Killed Grum
  8832 | D:8      | Reached skill level 11 in Crossbows
  8832 | D:8      | Reached XP level 10. HP: 79/88 MP: 9/9
  8843 | D:8      | Reached skill level 1 in Short Blades
  9241 | D:8      | Found Idean Pio's Armour Emporium.
  9392 | D:8      | Noticed Maurice
  9397 | D:8      | Noticed a two-headed ogre
  9400 | D:8      | Killed a two-headed ogre
  9528 | D:8      | Killed Maurice
  9840 | D:8      | Found an opulent altar of Gozag.
  9891 | D:9      | Noticed a cyclops
  9896 | D:9      | Killed a cyclops
 10116 | D:9      | Noticed a two-headed ogre
 10120 | D:9      | Killed a two-headed ogre
 10128 | D:9      | Noticed a two-headed ogre
 10151 | D:9      | Killed a two-headed ogre
 10152 | D:9      | Reached skill level 12 in Crossbows
 10605 | D:9      | Reached XP level 11. HP: 97/97 MP: 10/10
 10651 | D:9      | Found a staircase to the Orcish Mines.
 10874 | D:9      | Found a sparkling altar of Nemelex Xobeh.
 11681 | D:10     | Entered Level 10 of the Dungeon
 11690 | D:10     | Reached skill level 1 in Long Blades
 11796 | D:10     | Found a staircase to the Lair.
 12097 | D:10     | Noticed an oklob plant
 12560 | Orc:1    | Entered Level 1 of the Orcish Mines
 12589 | Orc:1    | Noticed an orc high priest
 12593 | Orc:1    | Killed an orc high priest
 12784 | Orc:2    | Entered Level 2 of the Orcish Mines
 12895 | Orc:2    | Noticed a two-headed ogre
 12896 | Orc:2    | Noticed a two-headed ogre
 12899 | Orc:2    | Noticed a two-headed ogre
 12904 | Orc:2    | Killed a two-headed ogre
 12908 | Orc:2    | Reached skill level 5 in Short Blades
 12911 | Orc:2    | Killed a two-headed ogre
 12918 | Orc:2    | Noticed a two-headed ogre
 12925 | Orc:2    | Noticed a two-headed ogre
 12931 | Orc:2    | Killed from afar by an orc priest

Illustrated notes

Levels and vault maps discovered:
D:1:      ldierk_walled_garden, layout_loops_corners,
          hellmonk_ecumenical_altar_blasted, dk_noncrumbling_2,
          minmay_heptomino_d4
D:2:      layout_loops_corners
D:3:      layout_loops_ring, grunt_temple_overflow_order_and_chaos_1,
          mainiacjoe_overflow_cross_hatched, grunt_qazlal_sundering,
          uniq_grinder
D:4:      layout_cave_pools, minmay_temple_entry_arrows, uniq_sigmund
D:5:      layout_gridville, mainiacjoe_overflow_two_lobes,
          amcnicky_mini_pool_small, grunt_tough_drop, uniq_blork_the_orc,
          uniq_menkaure
D:6:      layout_rooms, mainiacjoe_overflow_chevrons,
          mainiacjoe_overflow_catch_the_wave, minmay_small_thing
D:7:      layout_rooms
D:8:      layout_loops_ring, mainiacjoe_overflow_24_doors,
          lemuel_coloured_pillars_altar, serial_shops, nicolae_take_the_stairs,
          uniq_grum, uniq_prince_ribbit1, uniq_maurice
D:9:      layout_basic, mainiacjoe_overflow_small_starburst, orc_0_dummy,
          serial_glass, glass_columns_a, glass_columns_b,
          minmay_sticks_and_stones
D:10:     layout_rooms, dpeg_oklobed_lair, chequers_avenue
D:11:     layout_stronghold, serial_shops, kennysheep_mini,
          nicolae_ru_path_of_blood, uniq_sonja
Temple:   compressed_dpeg_circular_temple
Orc:1:    layout_caves, uniq_jorgrun, uniq_josephine
Orc:2:    st_orc_ogre_mass, layout_diamond_mine

Skill      XL: |  1  2  3  4  5  6  7  8  9 10 11 |
---------------+----------------------------------+-----
Crossbows      | 5 6 7 8 9 11 12 | 12.8
Stealth        | 1 2 3 4 5 6 7 |  7.2
Fighting       | 3 4 5 6 7 9 |  9.8
Dodging        | 3 4 5 6 7 8 9 |  9.0
Short Blades   | 3 5 |  5.1
Long Blades    | 3 |  3.3
Armour         | |  0.5

Action                   |  1- 3 |  4- 6 |  7- 9 | 10-12 || total
-------------------------+-------+-------+-------+-------++-------
Melee: Short sword       |    41 |    72 |     6 |       ||   119
       Headbutt          |    10 |    15 |    27 |    14 ||    66
       Dagger            |       |       |   101 |       ||   101
       Hand axe          |       |       |     5 |       ||     5
       Rapier            |       |       |    29 |    68 ||    97
       Battleaxe         |       |       |       |    11 ||    11
 Fire: Hand crossbow     |    17 |    11 |       |       ||    28
       Arbalest          |     5 |       |       |       ||     5
       Triple crossbow   |       |    22 |    68 |   124 ||   214
       Hunting sling     |       |       |     5 |       ||     5
Throw: Boomerang         |    14 |     4 |    20 |       ||    38
  Use: Scroll            |     1 |     9 |       |     6 ||    16
       Potion            |       |     1 |     3 |     2 ||     6
 Stab: Sleeping          |       |       |       |     1 ||     1
Armor: Leather armour    |    17 |    45 |     9 |       ||    71
       Scale mail        |       |       |     5 |       ||     5
       Acid dragon scale |       |       |    62 |    43 ||   105
Dodge: Dodged            |    31 |    64 |   133 |   118 ||   346
Block: Other             |       |       |       |    17 ||    17
       Reflection        |       |       |       |     1 ||     1
